 Dungeon Crawl Stone Soup version 0.27-a0-1532-gca18f49f40 (webtiles) character file.

Game seed: 3827447773145033304

59 garrulousMonolith the Insei (level 4, -1/33 HPs)
             Began as a Djinni Transmuter on July 12, 2021.
             Slain by Sigmund (13 damage)
             ... on level 3 of the Dungeon.
             The game lasted 00:02:30 (2595 turns).

garrulousMonolith the Insei (Djinni Transmuter)     Turns: 2595, Time: 00:02:31

Health: -1/33      AC:  7    Str: 10    XL:     4   Next: 22%
Gold:   102        EV: 10    Int: 14    God:
                   SH:  0    Dex: 14

rFire    + + .     SeeInvis .     - Unarmed
rCold    . . .     Faith    .   (no shield)
rNeg     . . .     Spirit   .   i - +1 ring mail {rC+}
rPois    ∞         Reflect  .   (no helmet)
rElec    .         Harm     .   e - +0 cloak
rCorr    .         Rampage  .   (no gloves)
Will     .....                  (boots unavailable)
Stlth    +.........             (no amulet)
HPRegen  0.11/turn              (no ring)
MPRegen  0.00/turn              (no ring)

@: flying
A: sickness immunity, fire resistance 2, cold vulnerability 1, float, innate
caster, hp casting, extra vitality 1
a: no special abilities


You were on level 3 of the Dungeon.
You visited 1 branch of the dungeon, and saw 3 of its levels.

You collected 102 gold pieces.

Inventory:

Armour
 e - a +0 cloak (worn)
 h - a +0 leather armour
 i - a +1 ring mail of cold resistance (worn)
Scrolls
 a - a scroll of enchant weapon {unknown}
 c - 6 scrolls of identify {unknown}
 d - a scroll of blinking {unknown}
 g - a scroll of summoning {unknown}
Potions
 b - a potion of resistance {unknown}
 f - a potion of degeneration {unknown}


   Skills:
 * Level 2.1 Fighting
 + Level 0.3 Armour
 + Level 2.6 Dodging
 + Level 3.4 Unarmed Combat
 * Level 2.2 Spellcasting


You couldn't memorise any spells.
You knew the following spells:

 Your Spells              Type           Power      Damage    Failure   Level
a - Beastly Appendage     Tmut           14%        N/A       24%         1
b - Wereblood             Tmut           7%         N/A       36%         2
c - Spider Form           Tmut/Pois      3%         N/A       58%         3
d - Ice Form              Ice/Tmut       7%         N/A       94%         4
e - Sting                 Tmut/Pois      28%        1d4       24%         1
Your spell library was empty.

Dungeon Overview and Level Annotations

Branches:
Dungeon (3/15)

Altars:

Annotations:
D:2 1 runed translucent door, Crazy Yiuf
D:3 Sigmund


Innate Abilities, Weirdness & Mutations

You are immune to sickness and miasma.
You are immune to poison.
Your flesh is very heat resistant. (rF++)
You are vulnerable to cold. (rC-)
You float through the air rather than walking.
You learn spells naturally, not from books.
Your magical power is your life essence.
You have superior vitality. (+4 HP)


Message History

You kill the giant cockroach!
Casting: Sting (safe; 24% risk of failure)
Confirm with . or Enter, or press ? or * to list all spells.
You can't see any susceptible monsters within range! (Use Z to cast anyway.) Sigmund gestures at you while chanting.
The puff of flame hits you. You resist.
Casting: Sting (safe; 24% risk of failure)
Confirm with . or Enter, or press ? or * to list all spells.
Aiming: Sting (safe; 24% risk of failure)
Press: ? - help, Shift-Dir - straight line, f - Sigmund
Aim: Sigmund, wielding a +2 scythe of freezing and wearing a +0 robe (64% to hit)
The sting hits Sigmund.
Sigmund is poisoned.
Sigmund is lightly wounded.
Casting: Sting (safe; 24% risk of failure)
Confirm with . or Enter, or press ? or * to list all spells.
Aiming: Sting (safe; 24% risk of failure)
Press: ? - help, Shift-Dir - straight line, f/p - Sigmund
Aim: Sigmund, wielding a +2 scythe of freezing and wearing a +0 robe (lightly wounded, poisoned, 64% to hit)
The sting hits Sigmund.
Sigmund looks even sicker.
Sigmund is lightly wounded.
Sigmund's eyes start glowing with a red light.
Sigmund hits you from afar with a +2 scythe of freezing.
Sigmund freezes you. The adder misses you.
Sigmund hits you with a +2 scythe of freezing!
Sigmund freezes you. The adder closely misses you.
Okay, then.
You hit Sigmund.
Sigmund is moderately wounded.
The adder bites you but does no damage.
Sigmund hits you with a +2 scythe of freezing.
Sigmund freezes you.
You barely miss Sigmund.
Sigmund is moderately wounded.
The adder bites you but does no damage. Sigmund closely misses you.
You hit Sigmund but do no damage.
Sigmund is moderately wounded.
The adder closely misses you.
Sigmund hits you with a +2 scythe of freezing!
You die...

..# #.# .## # ......
#.#.#..# .#.#..#
..#..# #†@..# #@..#
#####.S.## #........#
#.####....... ###
##.## .......
##.######...###...####
#.#...............#
##.######...###...#
#.# ##.## ...#


You could see Sigmund (very poisoned) and an adder.

Vanquished Creatures
  An adder (D:2)
  9 ball pythons
  3 endoplasms (D:1)
  3 giant cockroaches
  A goblin (D:1)
  7 hobgoblins
  4 jackals
  3 kobolds
  A quokka (D:2)
  3 bats (D:1)
  4 frilled lizards (D:1)
  6 rats
45 creatures vanquished.

Notes
Turn   | Place    | Note
-------+----------+-------------------------------------------
     0 | D:1      | garrulousMonolith the Djinni Transmuter began the quest for
                  | the Orb.
     0 | D:1      | Reached XP level 1. HP: 17/17 MP: 0/0
   248 | D:1      | Reached XP level 2. HP: 5/22 MP: 0/0
   784 | D:1      | Found a faded altar of an unknown god.
  1244 | D:1      | Reached XP level 3. HP: 26/28 MP: 0/0
  1244 | D:1      | Learned a level 1 spell: Sting
  2046 | D:2      | Reached XP level 4. HP: 29/33 MP: 0/0
  2443 | D:2      | Found a runed translucent door.
  2444 | D:2      | Noticed Crazy Yiuf
  2587 | D:3      | Noticed Sigmund
  2595 | D:3      | Slain by Sigmund

Illustrated notes

Levels and vault maps discovered:
D:1:      dpeg_arrival_rooms_with_view, layout_basic,
          hellmonk_ecumenical_altar_slurped_away
D:2:      layout_rooms, uniq_crazy_yiuf_cottage
D:3:      layout_loops_ring, gammafunk_ghost_smash, uniq_sigmund, uniq_robin,
          uniq_ijyb

Skill      XL: |  1  2  3 |
---------------+----------+-----
Spellcasting   | 2 |  2.2
Fighting       | 2 |  2.1
Armour         | |  0.3
Dodging        | |  2.6
Unarmed Combat | |  3.4

Action                   |  1- 3 |  4- 6 || total
-------------------------+-------+-------++-------
Melee: Unarmed           |   103 |    28 ||   131
       Headbutt          |    15 |     3 ||    18
       Punch             |     1 |     1 ||     2
 Cast: Beastly Appendage |    24 |     1 ||    25
       Sting             |     5 |     5 ||    10
Armor: Robe              |     8 |       ||     8
       Ring mail         |     9 |    17 ||    26
       Leather armour    |     6 |       ||     6
Dodge: Dodged            |    77 |    25 ||   102

Table legend: (Time is in decaauts)
 A = Elapsed time spent in this place.
 B = Non-inter-level travel time spent in this place.
 C = Inter-level travel time spent in this place.
 D = Time resting spent in this place.
 E = Time spent auto-exploring this place.
 F = Levels seen in this place.
 G = Mean time per level.
                   A        B        C        D        E       F      G
               +--------+--------+--------+--------+--------+-----+--------+
         Total |   2587 |   2561 |     26 |    706 |   1509 |   3 |  862.3 |
       Dungeon |   2587 |   2561 |     26 |    706 |   1509 |   3 |  862.3 |
               +--------+--------+--------+--------+--------+-----+--------+

Top non-repeatable levels by time:
     D:1: 1730 daAuts
     D:2: 825 daAuts
     D:3: 31 daAuts
